 Dungeon Crawl Stone Soup version 0.26-a0-1181-gd376ed14c5 (webtiles) character file.

Game seed: 5509568456808917898

136 teolandon225 the Poker (level 4, 0/38 HPs)
             Began as a Minotaur Gladiator on Dec 26, 2020.
             Killed from afar by Natasha (11 damage)
             ... with a puff of flame
             ... on level 2 of the Dungeon.
             The game lasted 00:08:53 (1960 turns).

teolandon225 the Poker (Minotaur Gladiator)         Turns: 1960, Time: 00:08:53

Health: 0/38       AC:  3    Str: 18 (20) XL:     4   Next: 98%
Magic:  3/3        EV: 12    Int:  3 (5)  God:
Gold:   72         SH:  0    Dex:  8 (11) Spells: 3/3 levels left

rFire    . . .     SeeInvis .   a - +0 trident
rCold    . . .     Faith    .   (no shield)
rNeg     . . .     Spirit   .   i - +0 leather armour
rPois    .         Reflect  .   c - +0 hat
rElec    .         Harm     .   (no cloak)
rCorr    .         Rampage  .   (no gloves)
Will     .....                  (no boots)
Stlth    +.........             (no amulet)
HPRegen  0.12/turn              (no ring)
MPRegen  0.08/turn              (no ring)

@: slowed, very slow
A: retaliatory headbutt, horns 2
a: no special abilities


You were on level 2 of the Dungeon.
You visited 1 branch of the dungeon, and saw 2 of its levels.

You collected 72 gold pieces.

Inventory:

Hand Weapons
 a - a +0 trident (weapon)
 b - a +0 hunting sling of flaming
Missiles
 d - 3 throwing nets (quivered)
 j - 34 stones
 m - 28 sling bullets
Armour
 c - a +0 hat (worn)
 g - a +0 chain mail
 i - a +0 leather armour (worn)
 o - a +0 robe
Wands
 k - a wand of iceblast (6)
Scrolls
 e - a scroll of remove curse {unknown}
 l - a scroll of enchant armour {unknown}
Potions
 f - a potion of brilliance {unknown}
 h - a potion of magic
 n - a potion of degeneration


   Skills:
 * Level 3.5 Fighting
 * Level 5.6 Polearms
 - Level 2.0 Throwing
 + Level 1.2 Armour
 + Level 3.9 Dodging


You had 3 spell levels left.
You didn't know any spells.
Your spell library was empty.

Dungeon Overview and Level Annotations

Branches:
Dungeon (2/15)

Altars:

Annotations:
D:2 Natasha


Innate Abilities, Weirdness & Mutations

You reflexively headbutt those who attack you in melee.
You have a pair of horns on your head.


Message History

Natasha extends her claws.
Natasha barely misses you. You furiously retaliate!
You headbutt Natasha!
You see here 16 bolts.
You hit Natasha but do no damage.
Natasha is severely wounded.
Natasha casts a spell.
Natasha mumbles some strange words.
You feel troubled. Natasha claws you.
You closely miss Natasha.
Natasha is severely wounded.
Natasha closely misses you. You furiously retaliate!
You headbutt Natasha. Natasha claws you.
* * * LOW HITPOINT WARNING * * *
The crimson imp blinks!
It was a potion of degeneration.
There was something very wrong with that liquid.
You feel weakened.
You feel dopey.
You feel clumsy.
Natasha zaps a wand.
The puff of flame hits you!
You die...

####.########## #.##.#.....
#.............########.##.#.####
#......................##.#.....
##..........(...##########.#..###
.................................
##..............#.########.#..##.
#..[...........#'###### #.#.....
##########............#####..#..
#....h@.............#..
#....ยง.......#####.##..
..###............##........
..'.....>....5......##.##..
..###............#..##.#...
#............##.##.###.
#####'#########.##.....
###########.# #..#####.
............# #..## #.


You could see Natasha and a crimson imp (summoned).

Vanquished Creatures
  Natasha (twice) (D:2)
  2 adders (D:2)
  An ooze (D:2)
  A worm (D:2)
  2 dart slugs (D:1)
  3 leopard geckos
  2 giant cockroaches
  9 goblins
  3 hobgoblins
  8 jackals
  A quokka (D:2)
  7 bats
  2 frilled lizards (D:2)
  4 kobolds
  5 rats
52 creatures vanquished.

Notes
Turn   | Place    | Note
-------+----------+-------------------------------------------
     0 | D:1      | teolandon225 the Minotaur Gladiator began the quest for the
                  | Orb.
     0 | D:1      | Reached XP level 1. HP: 18/18 MP: 0/0
   127 | D:1      | Reached XP level 2. HP: 25/25 MP: 1/1
   139 | D:1      | Reached skill level 4 in Polearms
   530 | D:1      | Reached XP level 3. HP: 30/30 MP: 2/2
   692 | D:1      | You fall into a shaft and drop 1 floor!
  1091 | D:2      | Noticed Natasha
  1108 | D:2      | Killed Natasha
  1109 | D:2      | Reached skill level 5 in Polearms
  1109 | D:2      | Reached XP level 4. HP: 17/38 MP: 3/3
  1374 | D:2      | Noticed Natasha
  1385 | D:2      | Killed Natasha
  1386 | D:2      | Reached skill level 1 in Armour
  1949 | D:2      | Noticed Natasha
  1960 | D:2      | Killed from afar by Natasha

Illustrated notes

Levels and vault maps discovered:
D:1:      tarquinn_simple_flora_water_f, layout_basic, minmay_tetromino_o4
D:2:      layout_basic, uniq_natasha

Skill      XL: |  1  2  3  4 |
---------------+-------------+-----
Polearms       | 4 5 |  5.6
Fighting       | 3 |  3.5
Armour         | 1 |  1.2
Throwing       | |  2.0
Dodging        | |  3.9

Action                   |  1- 3 |  4- 6 || total
-------------------------+-------+-------++-------
Melee: Trident           |    63 |    42 ||   105
       Headbutt          |     8 |     3 ||    11
 Fire: Hunting sling     |     5 |       ||     5
  Use: Potion            |     1 |     5 ||     6
Armor: Leather armour    |    17 |     5 ||    22
Dodge: Dodged            |    50 |    22 ||    72

Table legend: (Time is in decaauts)
 A = Elapsed time spent in this place.
 B = Non-inter-level travel time spent in this place.
 C = Inter-level travel time spent in this place.
 D = Time resting spent in this place.
 E = Time spent auto-exploring this place.
 F = Levels seen in this place.
 G = Mean time per level.
                   A        B        C        D        E       F      G
               +--------+--------+--------+--------+--------+-----+--------+
         Total |   1989 |   1916 |     73 |      2 |   1387 |   2 |  994.5 |
       Dungeon |   1989 |   1916 |     73 |      2 |   1387 |   2 |  994.5 |
               +--------+--------+--------+--------+--------+-----+--------+

Top non-repeatable levels by time:
     D:2: 997 daAuts
     D:1: 991 daAuts
